 Dungeon Crawl Stone Soup version 0.30-a0-365-ge7f957f1db (webtiles) character file.

Game seed: 18108490950735792417

2 MrRokkomies the Slasher (level 1, 0/19 HPs)
             Began as a Meteoran Cinder Acolyte on Nov 17, 2022.
             Was a High Priest of Ignis.
             Succumbed to an adder's poison
             ... on level 2 of the Dungeon.
             The game lasted 00:00:17 (124 turns).

MrRokkomies the Slasher (Meteoran Cinder Acolyte)    Turns: 124, Time: 00:00:18

Health: 0/19       AC:  9    Str: 15    XL:     1   Next: 42%
Magic:  3/3        EV: 11    Int: 15    God:    Ignis [*****.]
Gold:   12         SH:  0    Dex:  9    Spells: 2/2 levels left

rFire   + . .      SeeInvis .    a - -1 falchion (flame)
rCold   . . .      Faith    .    (no shield)
rNeg    . . .      Spirit   .    b - +0 robe
rPois   .          Reflect  .    (no helmet)
rElec   .          Harm     .    (no cloak)
rCorr   .          Rampage  .    (no gloves)
Will    .....                    (no boots)
Stlth   +.........               (no amulet)
HPRegen 0.23/turn                (no ring)
MPRegen 0.08/turn                (no ring)

@: lethally poisoned (0 -> -1), fiery-armoured, glowing
A: sense surroundings 1, otherworldly, glowing, explore regen
a: Renounce Religion, Fiery Armour, Foxfire Swarm, Rising Flame


You were on level 2 of the Dungeon.
You worshipped Ignis.
Ignis was extremely pleased with you.
You visited 1 branch of the dungeon, and saw 2 of its levels.

You collected 12 gold pieces.

Inventory:

Hand Weapons
 a - a -1 falchion of flaming (weapon)
Armour
 b - a +0 robe (worn)
Scrolls
 c - a scroll of teleportation {unknown}


   Skills:
 * Level 3.3 Fighting
 * Level 3.7 Long Blades
 + Level 0.1 Dodging
 - Level 1.3 Spellcasting
 + Level 3.6 Fire Magic


You had 2 spell levels left.
You didn't know any spells.
Your spell library contained the following spells:

 Spells                   Type           Power      Damage    Failure   Level
 Scorch                   Fire           24%        2d6       8%          2


Dungeon Overview and Level Annotations

Branches:
Dungeon (1/15) Zot: 1075

Altars:


Innate Abilities, Weirdness & Mutations

You passively map a small area around you.
You are easily found by Zot.
You glow in the dark.
You regain HP and MP as you explore.


Message History

No target in view!
The kobold hits you with a +0 short sword.
You hit the kobold. You burn the kobold.
The kobold is severely wounded.
The kobold completely misses you.
You closely miss the kobold.
The kobold is severely wounded.
The kobold hits you but does no damage.
You hit the kobold but do no damage.
The kobold is severely wounded.
The kobold hits you with a +0 short sword.
You barely miss the kobold.
The kobold is heavily wounded.
The kobold closely misses you.
You hit the kobold. You burn the kobold.
You kill the kobold!
No target in view!
No target in view!
HP restored.
An adder comes into view.
The adder hisses angrily.
An endoplasm comes into view.
You barely miss the adder.
The endoplasm quivers.
The adder bites you. x2
You miss the adder. The adder bites you.
You are poisoned.
The adder poisons you!
You hit the adder. You burn the adder.
The adder is moderately wounded.
You feel sick. The adder bites you.
You are too injured to fight recklessly!
You are too injured to fight recklessly!
Unknown command.
A protective cloak of flame settles atop you.
You feel sick. The adder barely misses you. x2
The endoplasm freezes you.
You are frozen.
* * * LOW HITPOINT WARNING * * *
You die...

* * * #######
#.....#
#@##.##
,##.##.# ###
#JS#..# ..# *
##.##.## #.#
#..#.)# #.#
,*#.##.## #.#
##.##.### #.#
, .#....## #.#
**
#####..#######


You could see an adder.

Vanquished Creatures
  A kobold (D:2)
  A frilled lizard (D:2)
2 creatures vanquished.

Notes
Turn   | Place    | Note
-------+----------+-------------------------------------------
     0 | D:1      | MrRokkomies the Meteoran Cinder Acolyte began the quest for
                  | the Orb.
     0 | D:1      | Reached XP level 1. HP: 19/19 MP: 3/3
    62 | D:1      | You fall into a shaft and drop 1 floor!
   124 | D:2      | Succumbed to an adder's poison

Illustrated notes

Levels and vault maps discovered:
D:1:      ncdulo_smallfort, layout_basic, hangedman_decor_growths
D:2:      minmay_angry_zag, layout_basic

Action                   || total
-------------------------++-------
Melee: Falchion          ||    10
Invok: Fiery Armour      ||     1
Armor: Robe              ||     1
Dodge: Dodged            ||     5

Table legend: (Time is in decaauts)
 A = Elapsed time spent in this place.
 B = Non-inter-level travel time spent in this place.
 C = Inter-level travel time spent in this place.
 D = Time resting spent in this place.
 E = Time spent auto-exploring this place.
 F = Levels seen in this place.
 G = Mean time per level.
                   A        B        C        D        E       F      G
               +--------+--------+--------+--------+--------+-----+--------+
         Total |    124 |    124 |      0 |      0 |    100 |   2 |   62.0 |
       Dungeon |    124 |    124 |      0 |      0 |    100 |   2 |   62.0 |
               +--------+--------+--------+--------+--------+-----+--------+

Top non-repeatable levels by time:
     D:2: 62 daAuts
     D:1: 62 daAuts
